 Dungeon Crawl Stone Soup version 0.28.0-1-gb440e238dd (webtiles) character file.

Game seed: 12192960084649590648

31448 Spectrina the Unseen (level 13, -2/55 (63) HPs)
             Began as a Felid Monk on Feb 16, 2022.
             Was a Priest of Qazlal.
             Slain by a harpy (13 damage)
             ... on level 1 of the Shoals on Feb 21, 2022.
             The game lasted 04:33:36 (19472 turns).

Spectrina the Unseen (Felid Monk)                  Turns: 19472, Time: 04:33:37

HP:   -2/55 (63)    AC:  3    Str:  9    XL:     13   Next: 26%
MP:   21/22         EV: 34    Int: 12    God:    Qazlal [***...]
Gold: 868           SH:  4    Dex: 27    Spells: 5/12 levels left
                                        Lives: 0   Deaths: 4

rFire   . . .      SeeInvis +     - Unarmed
rCold   + . .      Faith    +   (shield unavailable)
rNeg    . . .      Spirit   .   (armour unavailable)
rPois   .          Reflect  .   (helmet unavailable)
rElec   .          Harm     .   (cloak unavailable)
rCorr   .          Rampage  .   (gloves unavailable)
Will    +....                   (boots unavailable)
Stlth   +++++++...              k - amulet of faith
HPRegen 0.18/turn               g - +6 ring of dexterity
MPRegen 0.18/turn               w - ring of Shadows {Umbra +Inv Stlth+}

@: very slightly contaminated, wreathed by umbra, heavily drained, invisible,
quick
A: very small, claws 1, fangs 3, see invisible, speed 1, shaggy fur 3, stealthy
paws, no weapons or thrown items, no armour, multi-lived
a: Renounce Religion, Evoke Invisibility, Upheaval, Elemental Force


You were on level 1 of the Shoals.
You worshipped Qazlal.
Qazlal was most pleased with you.
You visited 6 branches of the dungeon, and saw 23 of its levels.
You also visited: Bailey and Gauntlet.

You collected 2063 gold pieces.
You spent 1195 gold pieces at shops.

Inventory:

Jewellery
 b - a +4 ring of evasion
 d - an amulet of regeneration
 g - a +6 ring of dexterity (left paw)
 k - an amulet of faith (around neck)
 t - a +6 ring of dexterity
 w - the ring of Shadows (right paw) {Umbra +Inv Stlth+}
   (You found it on level 10 of the Dungeon)

   [ring of stealth]

   It surrounds you with an aura of shadow, increasing your stealth and reducing
   the accuracy of all others within it.
   +Inv:      It lets you turn invisible.
   Stlth:     It makes you more stealthy.
 z - a ring of protection from fire
 D - the ring "Daesaviv" {rPois rCorr}
   (You found it on level 1 of the Snake Pit)

   [ring of resist corrosion]

   rPois:     It protects you from poison.
   rCorr:     It protects you from acid and corrosion.
 G - a +6 ring of intelligence
 J - the ring "Cafy" {rF++ Slay-2 SInv}
   (You took it off a minotaur in a Gauntlet)

   [ring of see invisible]

   Slay:      It affects your accuracy & damage with ranged weapons and melee
   (-2).
   rF:        It greatly protects you from fire.
   SInv:      It lets you see invisible.
 M - a +6 ring of intelligence
 N - a +6 ring of strength
 O - a ring of positive energy
 Q - a +6 ring of strength
Wands
 i - a wand of iceblast (6)
 L - a wand of flame (4)
 T - a wand of digging (7)
Scrolls
 a - 3 scrolls of amnesia
 c - 2 scrolls of identify
 e - 4 scrolls of vulnerability
 h - a scroll of fear
 n - a scroll of immolation
 o - 5 scrolls of teleportation
 v - a scroll of blinking
 x - 3 scrolls of fog
 y - a scroll of summoning
 B - a scroll of silence
 E - a scroll of magic mapping
 I - 3 scrolls of holy word
Potions
 j - 3 potions of might
 l - 9 potions of brilliance
 m - 3 potions of haste
 p - 6 potions of heal wounds
 q - 3 potions of mutation
 r - 2 potions of magic
 u - 6 potions of curing
 A - 5 potions of ambrosia
 F - a potion of attraction
 K - a potion of resistance
 P - 3 potions of flight
 R - 2 potions of cancellation
Miscellaneous
 f - a phantom mirror (inert)
 s - a lightning rod (1/4)
 C - a tin of tremorstones (2/2)


   Skills:
 + Level 11.1 Fighting
 + Level 14.3 Dodging
 + Level 15.1 Stealth
 * Level 14.6 Unarmed Combat
 + Level 11.7 Invocations
 * Level 10.5 Evocations


You had 5 spell levels left.
You knew the following spells:

 Your Spells              Type           Power      Damage    Failure   Level
a - Swiftness             Air            0%         N/A       69%         3
m - Animate Skeleton      Necr           0%         N/A       32%         1
q - Vampiric Draining     Necr           0%         2d6       69%         3

Your spell library contained the following spells:

 Spells                   Type           Power      Damage    Failure   Level
 Magic Dart               Conj           0%         1d3       32%         1
 Pain                     Necr           0%         1d4       32%         1
 Sandblast                Erth           0%         2d4       32%         1
 Ensorcelled Hibernation  Hex/Ice        0%         N/A       45%         2
 Passwall                 Tmut/Erth      0%         N/A       45%         2
 Searing Ray              Conj           0%         2d4       45%         2
 Frozen Ramparts          Ice            0%         1d2       69%         3
 Stone Arrow              Conj/Erth      0%         3d7       69%         3
 Fulminant Prism          Conj/Hex       0%         3d6       97%         4
 Hailstorm                Conj/Ice       0%         3d3       97%         4
 Ice Form                 Ice/Tmut       0%         N/A       97%         4
 Summon Ice Beast         Ice/Summ       0%         N/A       97%         4
 Conjure Ball Lightning   Conj/Air       0%         3x3d6     100%        6
 Simulacrum               Ice/Necr       0%         N/A       100%        6
 Discord                  Hex            0%         N/A       100%        8
 Disjunction              Tloc           0%         N/A       100%        8


Dungeon Overview and Level Annotations

Branches:
Dungeon (11/15)            Temple (1/1) D:6            Lair (6/6) D:9
 Shoals (1/4) Lair:2        Snake (2/4) Lair:3        Slime (0/5) Lair:6
    Orc (2/2) D:10         Bailey (visited)         Gauntlet (visited)
    Elf: Orc:2

Altars:
Cheibriados
Dithmenos
Kikubaaqudgha
Nemelex Xobeh
Qazlal
Ru
Sif Muna
Trog
Uskayaw
Xom
Zin
The Shining One
Beogh
Jiyva

Shops:
D:1 *   D:4 ?   D:8 *   Orc:2 **=[   Snake:1 [

Annotations:
D:10 1 transporter, exclusion: downstairs
Lair:6 3 runed translucent doors, Razfen's ghost, journeyman GnWn


Innate Abilities, Weirdness & Mutations

You have sharp claws.
You have razor-sharp teeth.
You have supernaturally acute eyesight. (SInv)
You cover ground quickly. (Speed+)
Your thick and shaggy fur keeps you warm. (AC +3, rC+)
Your paws help you pounce on unaware monsters.
You are incapable of wielding weapons or throwing items.
You cannot wear armour.
You gain extra lives every three experience levels.


Message History

The snapping turtle is moderately wounded.
The harpy claws you. The harpy completely misses you. x2
The harpy misses you.
The merfolk siren chants a haunting song.
You resist with almost no effort.
You claw the snapping turtle!
You bite the snapping turtle, but do no damage.
The snapping turtle is heavily wounded.
The harpy completely misses you. The harpy closely misses you.
The snapping turtle closely misses you.
The merfolk siren completely misses you.
The harpy closely misses you. The harpy misses you.
A manticore comes into view.
Unknown command.
You scratch the snapping turtle but do no damage.
The snapping turtle is heavily wounded.
You block the harpy's attack. The harpy misses you.
You block the harpy's attack. The harpy completely misses you.
The snapping turtle completely misses you.
Unknown command.
Unknown command.
Okay, then.
Unknown command.
You barely miss the snapping turtle.
The snapping turtle is heavily wounded.
The harpy completely misses you. x2; The harpy claws you!
* * * LOW HITPOINT WARNING * * *
The harpy misses you. The merfolk siren barely misses you.
Unknown command.
Unknown command.
The harpy completely misses you. The harpy misses you.
The snapping turtle completely misses you.
The harpy dies!
The merfolk siren chants a haunting song.
You resist with almost no effort.
The manticore flicks its tail.
The volley of spikes misses you.
The volley of spikes hits the harpy.
There is a staircase back to the Lair, spattered with blood here.
You block the harpy's attack. The harpy claws you!
You die...

≈≈≈≈≈≈≈≈≈≈≈≈≈≈≈
≈≈≈≈≈≈≈≈≈≈≈≈≈≈≈.
≈≈≈≈≈≈≈≈≈≈≈≈≈≈..
≈≈≈≈≈≈≈≈≈≈≈≈≈≈..
.H≈..?≈≈≈≈≈≈≈...
≈.......≈≈P≈...P
≈≈......°≈P≈.P.P
#.HH.PkP...
#t.@.......
#≈m§≈≈...##
...≈≈≈≈H..##
≈...≈≈≈≈≈≈?.#
≈...≈≈≈≈≈≈..#
≈...≈≈≈≈≈≈≈≈..
≈≈≈≈≈≈≈≈≈≈≈≈≈≈≈
≈≈≈≈≈≈..≈≈≈≈≈≈≈


You could see a snapping turtle, a wind drake (wandering, repels missiles), 2
manticores, a merfolk siren and 2 harpies.

Vanquished Creatures
  Gastronok (Lair:3)
  A dire elephant (Lair:6)
  A minotaur (Gauntlet)
  Snorg (Lair:6)
  An ettin (Orc:1)
  A boulder beetle (Lair:1)
  A naga warrior (Snake:1)
  5 hydras
  A merfolk avatar (Lair:6)
  3 two-headed ogres (Orc:2)
  4 anacondas
  A death yak (Lair:3)
  5 orc high priests (Orc:2)
  2 naga sharpshooters (Snake:1)
  A sea snake (Lair:6)
  A lindwurm (Lair:5)
  A harpy (Shoals:1)
  A deep elf pyromancer (D:10)
  5 orc knights
  An ugly thing (D:6)
  A mana viper (Snake:2)
  3 orc sorcerers (Orc:2)
  2 naga magi
  8 elephants
  12 black mambas
  A smoke demon (Gauntlet)
  2 torpor snails (Lair:6)
  8 cane toads
  12 komodo dragons
  5 rime drakes
  4 trolls
  2 polar bears (Lair:6)
  A queen bee (Lair:3)
  A wind drake (Lair:6)
  A hornet (Lair:6)
  3 blink frogs (Lair:4)
  A snapping turtle (Lair:6)
  A raiju (Gauntlet)
  A shadow (D:10)
  A spriggan (Lair:6)
  7 wyverns
  2 basilisks
  45 yaks
  A vampire (D:9)
  3 steam dragons
  3 wargs
  3 nagas
  19 water moccasins
  37 orc warriors
  A black bear (D:7)
  3 ice beasts (D:6)
  2 necrophages
  2 sky beasts (D:7)
  10 ogres
  4 centaurs
  6 wolves
  A phantom (D:8)
  10 bullfrogs
  A kobold brigand (D:9)
  A gnoll sergeant (D:9)
  2 scorpions
  A water moccasin skeleton (D:5)
  24 killer bees
  3 wights (D:7)
  3 howler monkeys
  3 electric eels
  4 crimson imps (Gauntlet)
  2 centaur zombies
  4 hounds
  30 orc priests
  A jelly (D:5)
  A bullfrog skeleton (D:4)
  A centaur skeleton (D:7)
  A gnoll shaman (D:6)
  An iguana (D:6)
  17 orc wizards
  2 killer bee zombies
  7 adders
  23 gnolls
  A howler monkey skeleton (D:7)
  A river rat (Bailey)
  A shadow imp (D:6)
  2 white imps (D:6)
  An adder skeleton (D:4)
  A worm (D:4)
  A dart slug (D:1)
  101 orcs
  7 ball pythons
  4 endoplasms
  3 giant cockroaches
  6 goblins
  10 hobgoblins
  4 jackals (D:3)
  7 quokkas
  2 bats (D:1)
  A frilled lizard (D:2)
  7 kobolds
  2 rats (D:1)
561 creatures vanquished.

Vanquished Creatures (collateral kills)
  An orc warlord (Orc:2)
  4 hydras
  A boulder beetle (Lair:3)
  A two-headed ogre (Orc:2)
  2 orc knights (Orc:2)
  2 komodo dragons (Lair:3)
  A blink frog (Lair:6)
  A yak (Lair:3)
  A water moccasin (Lair:3)
  A black bear (Lair:2)
  3 orc warriors (Orc:2)
  A wolf (Lair:3)
  2 bullfrogs (Lair:3)
  An electric eel (Lair:3)
  An orc priest (Orc:2)
  4 orcs (Orc:2)
27 creatures vanquished.

Vanquished Creatures (others)
  A harpy (Shoals:1)
  A troll (Orc:2)
  An orc wizard (Orc:2)
  An orc (Orc:2)
  36 fungi
  66 plants
106 creatures vanquished.

Grand Total: 694 creatures vanquished

Notes
Turn   | Place    | Note
-------+----------+-------------------------------------------
     0 | D:1      | Spectrina the Felid Monk began the quest for the Orb.
     0 | D:1      | Reached XP level 1. HP: 10/10 MP: 2/2
    80 | D:1      | Reached skill level 3 in Stealth
    80 | D:1      | Reached XP level 2. HP: 14/14 MP: 3/3
   259 | D:2      | Reached XP level 3. HP: 14/17 MP: 4/4
   746 | D:1      | Found Peefugau's General Store.
   749 | D:1      | Bought a potion of heal wounds for 60 gold pieces
   855 | D:4      | Noticed a scorpion
   858 | D:4      | Killed a scorpion
   859 | D:4      | Reached XP level 4. HP: 11/21 MP: 5/5
   865 | D:4      | Reached skill level 4 in Stealth
   865 | D:4      | Reached XP level 5. HP: 6/25 MP: 6/6
   883 | D:3      | Found a hide-covered altar of Uskayaw.
  1046 | D:4      | Found a glowing drain.
  1061 | D:4      | Reached skill level 5 in Dodging
  1140 | D:5      | Entered Level 5 of the Dungeon
  1174 | D:6      | Noticed a steam dragon
  1177 | D:6      | Killed a steam dragon
  1178 | D:6      | Reached skill level 5 in Unarmed Combat
  1178 | D:6      | Gained mutation: You are covered in thick fur. (AC +2)
                  | [Felid growth]
  1178 | D:6      | Reached XP level 6. HP: 25/28 MP: 7/7
  1397 | D:5      | Reached skill level 5 in Stealth
  1401 | D:5      | Found an ancient bone altar of Kikubaaqudgha.
  1649 | D:4      | Reached XP level 7. HP: 29/33 MP: 8/8
  1656 | D:4      | Found Zesuot's Magic Scroll Shop.
  1664 | D:4      | Bought a scroll of teleportation for 39 gold pieces
  1664 | D:4      | Bought a scroll of identify for 26 gold pieces
  1666 | D:4      | Bought a scroll of identify for 26 gold pieces
  2206 | D:7      | Found a bloodstained altar of Trog.
  2227 | D:7      | Reached skill level 6 in Stealth
  2254 | D:7      | Reached skill level 5 in Fighting
  2264 | D:7      | Reached XP level 8. HP: 20/37 MP: 9/9
  2347 | D:7      | Found a glowing golden altar of the Shining One.
  2460 | D:7      | Found a flagged portal.
  2500 | D:7      | Reached skill level 7 in Stealth
  2535 | Bailey   | Entered a bailey
  2723 | Bailey   | Noticed an orc knight
  2739 | Bailey   | Noticed a polar bear
  2739 | Bailey   | an orc knight changed into a polar bear
  3091 | D:6      | Found a staircase to the Ecumenical Temple.
  3202 | Temple   | Entered the Ecumenical Temple
  3243 | Temple   | Became a worshipper of Qazlal Stormbringer
  3243 | Temple   | Reached * piety under Qazlal
  3243 | Temple   | Reached ** piety under Qazlal
  3367 | D:6      | Found a sacrificial altar of Ru.
  3389 | D:6      | Reached skill level 1 in Invocations
  3453 | D:6      | Noticed a cyan ugly thing
  3803 | D:8      | Reached XP level 9. HP: 30/41 MP: 10/10
  3901 | D:8      | Found a shadowy altar of Dithmenos.
  3913 | D:8      | Reached skill level 8 in Stealth
  4208 | D:8      | Found Uschusm's Serpentskin Sales.
  4287 | D:9      | Found a shimmering blue altar of Sif Muna.
  4356 | D:9      | Learned a level 1 spell: Animate Skeleton
  4360 | D:9      | Learned a level 3 spell: Vampiric Draining
  5022 | D:9      | Found a staircase to the Lair.
  5033 | Lair:1   | Entered Level 1 of the Lair of Beasts
  5033 | Lair:1   | You fall into a shaft and drop 1 floor!
  5040 | Lair:2   | Noticed a four-headed hydra
  5054 | Lair:2   | Slain by a four-headed hydra
  5055 | Lair:2   | Reached XP level 8. HP: -3/39 MP: 12/12
  5055 | Lair:2   | Noticed a komodo dragon
  5055 | Lair:2   | Noticed a cane toad
  5082 | Lair:1   | Noticed a cane toad
  5092 | Lair:1   | Reached *** piety under Qazlal
  5095 | Lair:1   | Killed a cane toad
  5096 | Lair:1   | Reached skill level 9 in Stealth
  5096 | Lair:1   | Reached XP level 9. HP: 22/42 MP: 13/13
  5595 | D:9      | Reached skill level 10 in Dodging
  5595 | D:9      | Reached skill level 10 in Stealth
  5595 | D:9      | Reached skill level 10 in Unarmed Combat
  5595 | D:9      | Reached XP level 10. HP: 36/48 MP: 13/16
  5596 | D:9      | Reached skill level 11 in Stealth
  5596 | D:9      | Reached XP level 11. HP: 39/52 MP: 13/18
  5611 | D:9      | Found a glowing silver altar of Zin.
  5746 | D:10     | Entered Level 10 of the Dungeon
  5766 | D:10     | Found a transporter.
  5767 | D:10     | Found a viscous altar of Jiyva.
  5768 | D:10     | Noticed a great orb of eyes
  5768 | D:10     | Found the ring of Shadows {Umbra +Inv Stlth+}
  6376 | D:6      | Killed a cyan ugly thing
  6476 | D:10     | Noticed a deep elf pyromancer
  7078 | Lair:1   | Reached skill level 1 in Evocations
  7297 | Lair:1   | Noticed a boulder beetle
  7405 | Lair:1   | Killed a boulder beetle
  7682 | Lair:2   | Noticed a six-headed hydra
  7696 | Lair:2   | Killed a six-headed hydra
  7830 | Lair:2   | Killed a four-headed hydra
  7831 | Lair:2   | Reached skill level 12 in Stealth
  8002 | Lair:2   | Gained mutation: Your thick and shaggy fur keeps you warm.
                  | (AC +3, rC+) [Felid growth]
  8002 | Lair:2   | Reached XP level 12. HP: 57/57 MP: 18/20
  8137 | Lair:2   | Slain by a komodo dragon
  8138 | Lair:2   | Reached XP level 11. HP: -2/53 MP: 19/19
  8257 | Lair:3   | Noticed a four-headed hydra
  8440 | Lair:3   | Noticed a five-headed hydra
  8569 | Lair:3   | Killed a four-headed hydra
  8832 | D:1      | You fall into a shaft and drop 1 floor!
  9071 | D:10     | Found a sparkling altar of Nemelex Xobeh.
  9119 | D:10     | Reached skill level 10 in Invocations
  9225 | D:10     | Killed a deep elf pyromancer
  9251 | D:10     | Found a shimmering altar of Xom.
  9266 | D:10     | Found a staircase to the Orcish Mines.
  9301 | D:10     | Found a transporter.
  9305 | D:10     | Noticed a great orb of eyes
  9562 | Lair:3   | Killed a five-headed hydra
  9677 | Lair:3   | Noticed a death yak
  9896 | Orc:1    | Entered Level 1 of the Orcish Mines
 10033 | Orc:1    | Reached **** piety under Qazlal
 10075 | Orc:2    | Entered Level 2 of the Orcish Mines
 10075 | Orc:2    | Noticed a two-headed ogre
 10251 | Orc:1    | Noticed an orc knight
 10521 | Lair:3   | Killed a death yak
 10522 | Lair:3   | Reached XP level 12. HP: 54/57 MP: 17/20
 10716 | Lair:3   | Noticed Gastronok
 10727 | Lair:3   | Killed Gastronok
 10728 | Lair:3   | Reached skill level 5 in Evocations
 10835 | Lair:3   | Noticed an eight-headed hydra
 10847 | Lair:3   | Killed an eight-headed hydra
 10849 | Lair:3   | Noticed an eight-headed hydra
 10866 | Lair:3   | Killed an eight-headed hydra
 10867 | Lair:3   | Reached skill level 13 in Stealth
 10969 | Lair:3   | Noticed a boulder beetle
 10979 | Lair:3   | Killed a boulder beetle
 11244 | Lair:3   | Found a staircase to the Snake Pit.
 11552 | Lair:3   | Learned a level 3 spell: Swiftness
 11797 | Lair:4   | Noticed a four-headed hydra
 11808 | Lair:4   | Killed a four-headed hydra
 11924 | Lair:4   | Reached skill level 10 in Fighting
 12024 | Lair:5   | Reached XP level 13. HP: 39/61 MP: 20/22
 12175 | D:9      | Reached ***** piety under Qazlal
 12278 | D:4      | Bought a scroll of identify for 26 gold pieces
 12278 | D:4      | Bought a scroll of identify for 26 gold pieces
 12280 | D:4      | Bought 3 scrolls of holy word for 292 gold pieces
 12280 | D:4      | Bought a scroll of torment for 97 gold pieces
 13325 | Orc:1    | Noticed an ettin
 13330 | Orc:1    | Killed an ettin
 13478 | Orc:2    | Reached skill level 14 in Stealth
 14426 | Lair:6   | Entered Level 6 of the Lair of Beasts
 14428 | Lair:6   | Found a sparkling altar of Nemelex Xobeh.
 14439 | Lair:6   | Noticed Snorg
 14444 | Lair:6   | Killed Snorg
 14448 | Lair:6   | Found a viscous altar of Jiyva.
 14448 | Lair:6   | Found a staircase to the Slime Pits.
 14516 | Lair:6   | Found a gate leading to a gauntlet.
 14602 | Gauntlet | Entered a Gauntlet
 14602 | Gauntlet | Found a transporter.
 14610 | Gauntlet | Found a transporter.
 14611 | Gauntlet | Found a transporter.
 14625 | Gauntlet | Found a transporter.
 14627 | Gauntlet | Found a transporter.
 14631 | Gauntlet | Found a runed translucent door.
 14633 | Gauntlet | Found a runed translucent door.
 14636 | Gauntlet | Found a transporter.
 14649 | Gauntlet | Found a transporter.
 14662 | Gauntlet | Found a transporter.
 14668 | Gauntlet | Found a transporter.
 14668 | Gauntlet | Found a transporter.
 14677 | Gauntlet | Found a transporter.
 14702 | Gauntlet | Found a transporter.
 14716 | Gauntlet | Found a transporter.
 14731 | Gauntlet | Found a transporter.
 15080 | Gauntlet | Identified the +6 hand axe of Fundamental Breach {protect,
                  | *Noise Fly Will+}
 15080 | Gauntlet | Identified the ring "Cafy" {rF++ Slay-2 SInv}
 15080 | Gauntlet | Noticed a minotaur
 15090 | Gauntlet | Killed a minotaur
 15131 | Gauntlet | Identified the +1 rapier of Accord {pain, *Corrode rF+
                  | Stlth+}
 15174 | Lair:6   | Found a runed translucent gate.
 15174 | Lair:6   | Found a runed translucent gate.
 15174 | Lair:6   | Found a runed translucent gate.
 15177 | Lair:6   | Noticed Razfen's ghost (journeyman GnWn)
 15474 | Lair:6   | Reached XP level 14. HP: 42/65 MP: 23/23
 16040 | Lair:6   | Identified the +6 mace of Darouff {antimagic, Contam rPois
                  | Str+5}
 16167 | Snake:1  | Entered Level 1 of the Snake Pit
 16430 | Orc:2    | Noticed an orc warlord
 16454 | Orc:2    | Slain by an orc warrior
 16455 | Orc:2    | Reached XP level 13. HP: 0/45 MP: 21/22
 16455 | Orc:2    | Upgraded the game from 0.28.0 to 0.28.0-1-gb440e238dd
 16879 | Orc:2    | Killed themself with a badly aimed burst of rock shards
 16880 | Orc:2    | Reached XP level 12. HP: -8/31 MP: 21/21
 16924 | Orc:2    | Noticed an orc high priest
 17051 | Orc:2    | Killed an orc warlord
 17109 | Orc:2    | Noticed an orc high priest
 17430 | Orc:2    | Found Hajiuf's General Store.
 17435 | Orc:2    | Bought a potion of might for 52 gold pieces
 17435 | Orc:2    | Bought a potion of heal wounds for 65 gold pieces
 17440 | Orc:2    | Found Tonethru's General Store.
 17445 | Orc:2    | Bought a wand of iceblast (5) for 144 gold pieces
 17445 | Orc:2    | Bought a scroll of teleportation for 48 gold pieces
 17445 | Orc:2    | Bought a potion of curing for 48 gold pieces
 17562 | Orc:2    | Killed an orc high priest
 17563 | Orc:2    | Reached skill level 10 in Evocations
 17603 | Orc:2    | Noticed an orc high priest
 17606 | Orc:2    | Killed an orc high priest
 17636 | Orc:2    | Noticed an orc high priest
 17638 | Orc:2    | Killed an orc high priest
 17641 | Orc:2    | Found Hudat's Armour Boutique.
 17679 | Orc:2    | Killed an orc high priest
 17685 | Orc:2    | Found Eripaung's Jewellery Shoppe.
 17829 | Orc:1    | You fall into a shaft and drop 1 floor!
 18329 | D:1      | Bought a scroll of identify for 24 gold pieces
 18329 | D:1      | Bought a potion of curing for 36 gold pieces
 18329 | D:1      | Bought a scroll of vulnerability for 90 gold pieces
 18329 | D:1      | Bought a potion of ambrosia for 96 gold pieces
 18586 | Snake:1  | Noticed an anaconda
 18591 | Snake:1  | Killed an anaconda
 18601 | Snake:1  | Reached XP level 13. HP: 46/59 MP: 20/22
 18611 | Snake:1  | Reached skill level 15 in Stealth
 18625 | Snake:1  | Identified the ring "Daesaviv" {rPois rCorr}
 18873 | Snake:1  | Found Dais's Antique Armour Shoppe.
 19073 | Lair:2   | Found a staircase to the Shoals.
 19233 | Snake:1  | Noticed a nagaraja
 19462 | Shoals:1 | Entered Level 1 of the Shoals
 19472 | Shoals:1 | Slain by a harpy

Illustrated notes

Levels and vault maps discovered:
D:1:      dpeg_arrival_tiny_f, layout_loops_ring, serial_shops,
          nicolae_shop_behind_doors, minmay_misc_feat_enclosed
D:2:      layout_rooms, bh_walls_and_bars
D:3:      layout_rooms, mainiacjoe_overflow_brackets,
          nicolae_elevator_lobby_asterisk
D:4:      layout_rooms, serial_shops, nicolae_shop_stone, portal_sewer_entry_d
D:5:      layout_gridville, mainiacjoe_overflow_boulevard
D:6:      layout_gridville, mainiacjoe_overflow_chevrons, temple_hall,
          serial_co_window_serial, co_window_of_opportunity_a,
          co_window_paths_a, co_window_of_opportunity_a, co_window_corner_a,
          co_window_corner_a, co_window_of_opportunity_b, co_window_cross_3,
          co_window_corner_ca, co_window_unsneaky_path_b, co_window_4corner_a,
          glass_columns_b, glass_columns_b
D:7:      layout_gridville, general_overflow_altar,
          mainiacjoe_overflow_concentric_impassable, enter_bailey_2
D:8:      layout_basic, grunt_dithmenos_shadows, guppyfry_shop_venom
D:9:      layout_roguey, mainiacjoe_overflow_alcove_2, led_sif_book,
          erik_lair_orcish_takeover
D:10:     gammafunk_jiyva_shrine, layout_basic, lemuel_round_altar,
          mainiacjoe_overflow_24_doors, david_orc_2
D:11:     layout_basic
Temple:   minmay_temple_forest_path
Lair:1:   layout_gridlike
Lair:2:   layout_cellular_growth, minmay_shoals_entry_hut
Lair:3:   nzn_winding_woodlands_large [nzn_winding_woodlands_5x5_default,
          nzn_winding_woodlands_5x15_zeroes, nzn_winding_woodlands_5x5_three,
          nzn_winding_woodlands_center_lodge,
          nzn_winding_woodlands_15x15_eel_pit,
          nzn_winding_woodlands_center_diamonds,
          nzn_winding_woodlands_5x5_checkerboard,
          nzn_winding_woodlands_5x15_lazy_stream,
          nzn_winding_woodlands_5x5_closed_star], layout_layer_cave,
          dummy_snake_entry, special_room [special_room_bee],
          beast_lair_carwin_10, lemuel_fruit_tree, infiniplex_staircase_pool_2,
          uniq_gastronok
Lair:4:   layout_small_grid, infiniplex_staircase_pool
Lair:5:   layout_concentric_octagons
Lair:6:   gammafunk_lair_ancient_temple, layout_gridlike, slime_altar_1,
          gauntlet_entry_generic, basic_altar, ebering_ghost_rock_garden,
          serial_bayou_pond_c, grunt_forest_large_clearing_hut, uniq_snorg
Shoals:1: layout_shoals, uniq_jorgrun
Snake:1:  layout_layer_cave, serial_shops, nicolae_square_shop, drop_trap,
          uniq_aizul
Snake:2:  layout_misc_corridors, nicolae_snake_gridmaze_squiggle
Orc:1:    cheibrodos_orc_bank, layout_diamond_mine
Orc:2:    pubby_orc_utopia

Skill      XL: |  1  2  3  4  5  6  7  8  9 10 11 12 13 14 |
---------------+-------------------------------------------+-----
Stealth        | 3 4 5 6 9 10 11 12 13 15 | 15.1
Unarmed Combat | 4 5 6 9 10 11 12 13 14 | 14.6
Dodging        | 5 6 7 10 12 14 | 14.3
Fighting       | 4 5 7 8 9 11 | 11.1
Invocations    | 1 6 8 10 11 | 11.7
Evocations     | 4 10 9 | 10.5

Action                   |  1- 3 |  4- 6 |  7- 9 | 10-12 | 13-15 || total
-------------------------+-------+-------+-------+-------+-------++-------
Melee: Unarmed           |    83 |    82 |   414 |   869 |   497 ||  1945
       Bite              |    13 |    10 |    62 |   114 |    82 ||   281
       Punch             |     2 |     3 |    33 |    88 |    50 ||   176
 Cast: Animate Skeleton  |       |       |       |    17 |     8 ||    25
Invok: Upheaval          |       |       |     2 |    24 |    19 ||    45
       Elemental Force   |       |       |       |     6 |     3 ||     9
 Abil: Evoke Invisibilit |       |       |       |     3 |    12 ||    15
Evoke: Wand              |       |       |    18 |    12 |     9 ||    39
       Lightning rod     |       |       |       |     8 |    16 ||    24
       Phantom mirror    |       |       |       |     1 |     2 ||     3
       Tin of tremorston |       |       |       |       |     4 ||     4
  Use: Scroll            |     3 |       |     9 |     8 |     8 ||    28
       Potion            |     3 |       |     7 |    10 |     7 ||    27
 Stab: Sleeping          |     7 |     6 |    17 |       |       ||    30
       Distracted        |       |       |     1 |     2 |     1 ||     4
       Invisible         |       |       |     4 |    11 |    45 ||    60
       Paralysed         |       |       |       |       |     1 ||     1
Armor: Skin              |       |     3 |     9 |    19 |    23 ||    54
Dodge: Dodged            |    77 |    65 |   372 |   724 |   453 ||  1691
       Repelled          |       |       |       |     3 |     3 ||     6
Block: Other             |       |       |    16 |   148 |    91 ||   255
